 Dungeon Crawl Stone Soup version 0.29-a0-360-g8ed1089bbe (webtiles) character file.

Game seed: 11638557945306020479

76 HendSelp the Slasher (level 4, 0/28 HPs)
             Began as a Tengu Monk on Apr 28, 2022.
             Slain by a gnoll
             ... wielding a +0 spear
              (6 damage)
             ... on level 2 of the Dungeon.
             The game lasted 00:01:42 (1843 turns).

HendSelp the Slasher (Tengu Monk)                   Turns: 1843, Time: 00:01:43

Health: 0/28       AC:  3    Str: 12    XL:     4   Next: 32%
Magic:  5/5        EV: 14    Int: 10    God:
Gold:   118        SH:  0    Dex: 18    Spells: 3/3 levels left

rFire   . . .      SeeInvis .   a - +0 falchion
rCold   . . .      Faith    .   (no shield)
rNeg    . . .      Spirit   .   b - +0 robe
rPois   .          Reflect  .   (helmet restricted)
rElec   .          Harm     .   h - +0 cloak
rCorr   .          Rampage  .   (no gloves)
Will    .....                   (boots unavailable)
Stlth   ++........              (no amulet)
HPRegen 0.09/turn               (no ring)
MPRegen 0.09/turn               (no ring)

@: mighty
A: beak, talons 3
a: no special abilities


You were on level 2 of the Dungeon.
You visited 1 branch of the dungeon, and saw 2 of its levels.

You collected 118 gold pieces.

Inventory:

Hand Weapons
 a - a +0 falchion (weapon)
Armour
 b - a +0 robe (worn)
 h - a +0 cloak (worn)
Scrolls
 g - a scroll of immolation
 k - a scroll of blinking
Potions
 c - a potion of ambrosia
 e - a potion of attraction
 i - a potion of lignification
 j - a potion of mutation


   Skills:
 * Level 3.4 Fighting
 * Level 4.3 Long Blades
 * Level 1.0 Armour
 * Level 4.1 Dodging
 - Level 2.0 Stealth


You had 3 spell levels left.
You didn't know any spells.
Your spell library contained the following spells:

 Spells                   Type           Power      Damage    Failure   Level
 Tukima's Dance           Hex            0%         N/A       75%         3
 Anguish                  Hex/Necr       0%         N/A       98%         4
 Enfeeble                 Hex            0%         N/A       100%        7


Dungeon Overview and Level Annotations

Branches:
Dungeon (2/15)

Altars:


Innate Abilities, Weirdness & Mutations

You have a beak for a mouth.
You have claws for feet.


Message History

Unknown command.
You swap places.
The gnoll hits your rat with a +0 whip!
Your rat dies!
Your rat's corpse dissolves into shadows!
Something misses your adder.
Your adder bites the gnoll.
Unknown command.
You swap places.
Your bat hits the gnoll but does no damage.
The gnoll hits your bat with a +0 whip!
Your bat dies!
Your bat's corpse dissolves into shadows!
Your adder barely misses the gnoll.
You see here a +0 rapier.
Unknown command.
You feel very mighty all of a sudden.
Your adder bites the gnoll.
The gnoll is poisoned.
Your adder poisons the gnoll!
You are too injured to fight recklessly!
The gnoll completely misses you.
The gnoll hits your adder with a +3 whip!
Your adder dies!
Your adder's corpse dissolves into shadows!
You are too injured to fight recklessly!
You are too injured to fight recklessly!
You slash the gnoll!
You kill the gnoll!
You are too injured to fight recklessly!
The gnoll hits you with a +0 spear.
* * * LOW HITPOINT WARNING * * *
Things that are here:
a +0 whip; a gnoll corpse You are too injured to fight recklessly!
You barely miss the gnoll. Your kick misses the gnoll. You peck the gnoll!
The gnoll is severely wounded.
The gnoll barely misses you.
You are too injured to fight recklessly!
You hit the gnoll shaman. You claw the gnoll shaman!
The gnoll shaman is almost dead.
The gnoll hits you from afar with a +0 spear.
You die...

#.##.#
#.##.#
#.##.#
###.##.#
#.$....#
#.#.####
#)#.# #.#.#
#@#.# #g#.#
...gg.gg..#
###########


You could see a gnoll shaman and 2 gnolls.

Vanquished Creatures
  An adder (D:2)
  A gnoll (D:2)
  A worm (D:2)
  2 dart slugs (D:1)
  10 endoplasms
  3 giant cockroaches
  2 goblins (D:2)
  4 hobgoblins
  2 jackals (D:1)
  2 quokkas (D:2)
  3 ball pythons
  5 bats
  4 frilled lizards
  4 kobolds
  A rat (D:2)
45 creatures vanquished.

Notes
Turn   | Place    | Note
-------+----------+-------------------------------------------
     0 | D:1      | HendSelp the Tengu Monk began the quest for the Orb.
     0 | D:1      | Reached XP level 1. HP: 14/14 MP: 2/2
   202 | D:1      | Reached XP level 2. HP: 17/19 MP: 3/3
   655 | D:1      | Reached XP level 3. HP: 13/23 MP: 4/4
   870 | D:1      | Found a faded altar of an unknown god.
  1519 | D:2      | Reached skill level 1 in Armour
  1519 | D:2      | Reached XP level 4. HP: 12/28 MP: 5/5
  1843 | D:2      | Slain by a gnoll

Illustrated notes

Levels and vault maps discovered:
D:1:      doesnt_arrival_eight_statues, layout_basic,
          dilly_ecumenical_altar_fadedgnrine
D:2:      layout_loops_ring, kennysheep_generic_room_10

Skill      XL: |  1  2  3 |
---------------+----------+-----
Long Blades    | 4 |  4.3
Dodging        | 4 |  4.1
Armour         | 1 |  1.0
Fighting       | |  3.4
Stealth        | |  2.0

Action                   |  1- 3 |  4- 6 || total
-------------------------+-------+-------++-------
Melee: Falchion          |    81 |    12 ||    93
       Peck              |     8 |     2 ||    10
       Kick              |    17 |     1 ||    18
  Use: Scroll            |     3 |     6 ||     9
       Potion            |       |     1 ||     1
 Stab: Sleeping          |     9 |     2 ||    11
Armor: Robe              |    22 |       ||    22
Dodge: Dodged            |    71 |    11 ||    82

Table legend: (Time is in decaauts)
 A = Elapsed time spent in this place.
 B = Non-inter-level travel time spent in this place.
 C = Inter-level travel time spent in this place.
 D = Time resting spent in this place.
 E = Time spent auto-exploring this place.
 F = Levels seen in this place.
 G = Mean time per level.
                   A        B        C        D        E       F      G
               +--------+--------+--------+--------+--------+-----+--------+
         Total |   1853 |   1819 |     34 |    100 |   1433 |   2 |  926.5 |
       Dungeon |   1853 |   1819 |     34 |    100 |   1433 |   2 |  926.5 |
               +--------+--------+--------+--------+--------+-----+--------+

Top non-repeatable levels by time:
     D:1: 1153 daAuts
     D:2: 699 daAuts
